 Dungeon Crawl Stone Soup version 0.29-a0-1027-gcd8c55af63 (webtiles) character file.

Game seed: 9307922459312245978

502406 EnegeticOcto the Cardsharp (level 24, -16/237 (240) HPs)
             Began as a Troll Chaos Knight on Aug 7, 2022.
             Was a High Priest of Nemelex Xobeh.
             Demolished by a rockslime (40 damage)
             ... on level 4 of the Lair of Beasts on Aug 13, 2022.
             The game lasted 04:43:11 (116827 turns).

EnegeticOcto the Cardsharp (Troll Chaos Knight)   Turns: 116827, Time: 04:43:12

HP:   -16/237 (240) AC:  9    Str: 31    XL:     24   Next: 6%
MP:   1/36          EV: 11    Int: 22    God:    Nemelex Xobeh [*****.]
Gold: 4306          SH: 12    Dex:  8    Spells: 2/39 levels left

rFire   + . .      SeeInvis +   p - +2 short sword "Ifea" {holy, rF+ rN+ rCorr SInv}
rCold   . . .      Faith    +   m - +2 kite shield {reflect}
rNeg    + . .      Spirit   .   U - +0 robe "Getowick" {+Inv rPois Int+7 Dex-4}
rPois   +          Reflect  +   s - +2 hat
rElec   .          Harm     .   b - +1 cloak {Will+}
rCorr   +          Rampage  .   (gloves unavailable)
Will    +++..      Archmagi +   (boots unavailable)
Stlth   ++........              G - amulet of Mazyh {Faith +Blink rPois}
HPRegen 1.29/turn               T - ring of the Mage {Wiz Archmagi, =R}
MPRegen 0.25/turn               q - ring "Ankil" {Will+ rCorr Dex+4}

@: studying 2 skills, lightly drained, unable to drink
A: large, unfitting armour, claws 3, regeneration 1, shaggy fur 1, tough skin 1,
see invisible, strong 1, inability to drink while threatened 1, MP-powered wands
}: 2/15 runes: decaying, gossamer
a: Renounce Religion, Evoke Blink, Evoke Invisibility, Draw Escape, Draw
Destruction, Draw Summoning, Draw Stack, Triple Draw, Deal Four, Stack Five


You were on level 4 of the Lair of Beasts.
You worshipped Nemelex Xobeh.
Nemelex Xobeh was extremely pleased with you.
You visited 11 branches of the dungeon, and saw 46 of its levels.
You visited 1 bazaar.
You also visited: Trove, Sewer, Gauntlet and Ice Cave.

You collected 7033 gold pieces.
You spent 2727 gold pieces at shops.

Inventory:

Hand Weapons
 p - the +2 short sword "Ifea" (weapon) {holy, rF+ rN+ rCorr SInv}
   (You found it in a treasure trove)

   It has been blessed by the Shining One to cause great damage to the undead
   and demons.
   rF:        It protects you from fire.
   rN:        It protects you from negative energy.
   SInv:      It lets you see invisible.
   rCorr:     It protects you from acid and corrosion.
 I - the +5 war axe of Frustration {speed, rF++ Dex+2 Stlth+}
   (You took it off a deep elf death mage on level 3 of the Elven Halls)

   Attacks with this weapon are significantly faster.
   Dex:       It affects your dexterity (+2).
   rF:        It greatly protects you from fire.
   Stlth:     It makes you more stealthy.
 K - a +9 dagger of distortion
   (You took it off an orc on level 5 of the Dungeon)
Missiles
 k - 3 throwing nets {!f}
 H - 10 curare-tipped darts (quivered)
Armour
 b - a +1 cloak of willpower (worn)
   (You bought it in a shop in a bazaar)
 m - a +2 kite shield of reflection (worn)
   (You took it off a tengu warrior on level 15 of the Dungeon)
 s - a +2 hat (worn)
   (You found it on level 2 of the Dungeon)
 U - the +0 robe "Getowick" (worn) {+Inv rPois Int+7 Dex-4}
   (You found it on level 3 of the Crypt)

   Int:       It affects your intelligence (+7).
   Dex:       It affects your dexterity (-4).
   rPois:     It protects you from poison.
   +Inv:      It lets you turn invisible.
 W - quicksilver dragon scales
   (You found it on level 1 of the Depths)
Magical Staves
 a - a staff of air
   (You acquired it on level 2 of the Spider Nest)
 i - a staff of death
   (You found it on level 15 of the Dungeon)
Jewellery
 q - the ring "Ankil" (right claw) {Will+ rCorr Dex+4}
   (You took it off a deep elf high priest on level 3 of the Elven Halls)

   [ring of willpower]

   Dex:       It affects your dexterity (+4).
   rCorr:     It protects you from acid and corrosion.
   Will:      It increases your willpower.
 r - the ring "Nelifiud" {rF+ rN+ Dex+4}
   (You took it off a necromancer on level 3 of the Crypt)

   [ring of positive energy]

   Dex:       It affects your dexterity (+4).
   rF:        It protects you from fire.
   rN:        It protects you from negative energy.
 G - the amulet of Mazyh (around neck) {Faith +Blink rPois}
   (You found it on level 3 of the Elven Halls)

   [amulet of faith]

   It allows you to gain divine favour quickly.
   rPois:     It protects you from poison.
   +Blink:    It lets you blink.
 J - the ring of the Hippo {rElec rC+ rN+ Str-3 Slay+6}
   (You found it on level 3 of the Crypt)

   [ring of positive energy]

   Str:       It affects your strength (-3).
   Slay:      It affects your accuracy & damage with ranged weapons and melee
   (+6).
   rC:        It protects you from cold.
   rElec:     It insulates you from electricity.
   rN:        It protects you from negative energy.
 T - the ring of the Mage (left claw) {Wiz Archmagi, =R}
   (You found it in a Gauntlet)

   [ring of wizardry]

   It improves your spell success rate.
   Archmagi:  It increases the power of your magical spells.
Wands
 n - a wand of acid (3) {@v1}
   (You took it off a yaktaur on level 3 of the Vaults)
 o - a wand of paralysis (39)
   (You took it off Maurice on level 12 of the Dungeon)
 E - a wand of digging (9) {@v3}
   (You took it off Nergalle on level 1 of the Orcish Mines)
 F - a wand of roots (5)
   (You took it off Ijyb on level 5 of the Dungeon)
 M - a wand of polymorph (25)
   (You found it on level 5 of the Dungeon)
 P - a wand of mindburst (10)
   (You found it on level 2 of the Crypt)
Scrolls
 d - a scroll of silence
 e - 13 scrolls of teleportation {@r3 !r}
 g - 6 scrolls of magic mapping {@r5 !r}
 h - 6 scrolls of fog {!r}
 l - a scroll of blinking {@r4}
 u - 10 scrolls of immolation
 y - 5 scrolls of torment
 B - 3 scrolls of fear {!r}
 D - 10 scrolls of enchant armour
 L - 10 scrolls of vulnerability
 R - 2 scrolls of summoning
Potions
 c - 6 potions of haste {@q4 !q}
 f - 7 potions of might {@q3 !q}
 t - 5 potions of invisibility
 w - 10 potions of lignification {@q6}
 x - 9 potions of ambrosia
 z - 23 potions of curing {@q1 !q}
 C - 9 potions of flight
 N - 12 potions of brilliance
 O - 2 potions of berserk rage
 Q - 9 potions of attraction
 S - 5 potions of resistance
 V - 11 potions of heal wounds {@q2 !q}
 Y - 2 potions of magic
Miscellaneous
 j - a phial of floods
   (You found it on level 3 of the Elven Halls)
 v - a phantom mirror
   (You found it on level 14 of the Dungeon)
 A - a lightning rod (3/4)
   (You found it on level 1 of the Spider Nest)
 X - a tin of tremorstones (2/2)
   (You found it in a Gauntlet)
 Z - a box of beasts
   (You found it on level 3 of the Elven Halls)


   Skills:
 - Level 14.0 Fighting
 - Level 10.0 Armour
 - Level 10.0 Dodging
 - Level 3.0 Stealth
 - Level 12.0 Shields
 - Level 3.0 Unarmed Combat
 - Level 8.0 Spellcasting
 - Level 12.0 Conjurations
 - Level 12.0 Necromancy
 - Level 7.0 Translocations
 - Level 2.0 Transmutations
 - Level 5.0 Fire Magic
 - Level 7.0 Ice Magic
 - Level 8.0 Air Magic
 - Level 8.0 Poison Magic
 - Level 20.2 Invocations
 + Level 8.6 Evocations


You had 2 spell levels left.
You knew the following spells:

 Your Spells              Type           Power      Damage    Failure   Level
a - Sticky Flame          Conj/Fire      62%        2d8       1%          4
b - Airstrike             Air            30%        2d(5-21)  1%          4
c - Freezing Cloud        Conj/Ice/Air   32%        6-21      3%          5
d - Agony                 Necr           75%        N/A       1%          5
e - Ignite Poison         Fire/Tmut/Pois 46%        N/A       1%          3
f - Mephitic Cloud        Conj/Pois/Air  65%        N/A       1%          3
g - Olgreb's Toxic Radia  Pois           60%        N/A       1%          4
h - Shock                 Conj/Air       100%       1d9       1%          1
i - Dispel Undead         Necr           75%        3d25      1%          4
j - Sublimation of Blood  Necr           75%        N/A       1%          2
Y - Blink                 Tloc           100%       N/A       1%          2

Your spell library contained the following spells:

 Spells                   Type           Power      Damage    Failure   Level
 Apportation              Tloc           100%       N/A       1%          1
 Magic Dart               Conj           100%       1d8       1%          1
 Necrotise                Necr           100%       1d9       1%          1
 Sting                    Tmut/Pois      100%       1d8       1%          1
 Ensorcelled Hibernation  Hex/Ice        72%        N/A       1%          2
 Poisonous Vapours        Pois/Air       100%       N/A       1%          2
 Scorch                   Fire           92%        2d9       1%          2
 Searing Ray              Conj           100%       2d8       1%          2
 Static Discharge         Conj/Air       68%        3-12/arc  1%          2
 Wereblood                Tmut           26%        N/A       3%          2
 Slow                     Hex            52%        N/A       5%          1
 Summon Small Mammal      Summ           52%        N/A       5%          1
 Call Imp                 Summ           13%        N/A       8%          2
 Conjure Flame            Conj/Fire      62%        6-21      1%          3
 Dazzling Flash           Conj/Hex       100%       N/A       1%          3
 Frozen Ramparts          Ice            100%       1d16      1%          3
 Gell's Gravitas          Tloc           56%        N/A       1%          3
 Lesser Beckoning         Tloc           56%        N/A       1%          3
 Swiftness                Air            60%        N/A       1%          3
 Teleport Other           Tloc           56%        N/A       1%          3
 Vampiric Draining        Necr           75%        2d11      1%          3
 Animate Dead             Necr           75%        N/A       1%          4
 Corpse Rot               Necr/Pois/Air  65%        N/A       1%          4
 Flame Wave               Conj/Fire      62%        2d14      1%          4
 Iskenderun's Mystic Bla  Conj/Tloc      66%        2d14      1%          4
 Iskenderun's Battlesphe  Conj           75%        2d12      1%          5
 Portal Projectile        Hex/Tloc       72%        N/A       3%          3
 Fulminant Prism          Conj/Hex       25%        3d14      4%          4
 Fireball                 Conj/Fire      31%        3d13      4%          5
 Death Channel            Necr           37%        N/A       6%          6
 Ice Form                 Ice/Tmut       42%        N/A       9%          4
 Manifold Assault         Tloc           56%        N/A       9%          5
 Summon Lightning Spire   Summ/Air       39%        N/A       10%         4
 Summon Ice Beast         Ice/Summ       36%        N/A       12%         4
 Borgnjor's Vile Clutch   Necr/Erth      25%        N/A       12%         5
 Conjure Ball Lightning   Conj/Air       34%        3x3d11    13%         6
 Call Canine Familiar     Summ           13%        N/A       16%         3
 Confusing Touch          Hex            13%        N/A       16%         3
 Summon Guardian Golem    Hex/Summ       13%        N/A       16%         3
 Tukima's Dance           Hex            13%        N/A       16%         3
 Simulacrum               Ice/Necr       33%        N/A       16%         6
 Alistair's Intoxication  Tmut/Pois      30%        N/A       17%         5
 Starburst                Conj/Fire      31%        6d9       24%         6
 Silence                  Hex/Air        19%        N/A       26%         5
 Orb of Destruction       Conj           37%        9d11      30%         7
 Petrify                  Tmut/Erth      19%        N/A       32%         4
 Metabolic Englaciation   Hex/Ice        18%        N/A       32%         5
 Summon Forest            Summ/Tloc      18%        N/A       32%         5
 Dispersal                Tloc           28%        N/A       38%         6
 Leda's Liquefaction      Hex/Erth       6%         N/A       43%         4
 Blade Hands              Tmut           13%        N/A       50%         5
 Eringya's Noxious Bog    Tmut/Pois      23%        N/A       65%         6
 Lee's Rapid Deconstruct  Erth           6%         3d7*      77%         5
 Ozocubu's Refrigeration  Ice            28%        4d13      91%         7
 Infestation              Necr           37%        N/A       91%         8
 Haunt                    Necr/Summ      25%        N/A       97%         7
 Statue Form              Tmut/Erth      12%        N/A       99%         6
 Summon Cactus Giant      Summ           6%         N/A       99%         6
 Storm Form               Tmut/Air       23%        N/A       99%         7
 Summon Hydra             Summ           6%         N/A       100%        7
 Disjunction              Tloc           28%        N/A       100%        8
 Lehudib's Crystal Spear  Conj/Erth      25%        10d7      100%        8
 Maxwell's Capacitive Co  Air            30%        ∞         100%        8
 Dragon's Call            Summ           6%         N/A       100%        9
 Polar Vortex             Ice            28%        N/A       100%        9


Dungeon Overview and Level Annotations

Branches:
Dungeon (15/15) Zot: 19281  Temple (1/1) D:7 Zot: 5998    Lair (5/5) D:11 Zot: 19350
  Swamp (4/4) Lair:2 Zot: 16731  Spider (4/4) Lair:2 Zot: 11462   Slime (1/5) Lair:4 Zot: 5994
    Orc (2/2) D:12 Zot: 8134     Elf (3/3) Orc:2 Zot: 5979  Vaults (4/5) D:14 Zot: 7269
  Crypt (3/3) Vaults:3 Zot: 7768    Tomb (0/3) Crypt:3      Depths (4/4) D:15 Zot: 7315
    Zot (0/5) Depths:4      Sewer (visited)           IceCv (visited)
Gauntlet (visited)

Altars:
Cheibriados
Dithmenos
Elyvilon
Fedhas
Gozag
Kikubaaqudgha
Nemelex Xobeh
Trog
Uskayaw
Xom
Yredelemnul
Zin

Shops:
D:1 *   D:7 =[   Orc:2 [([*   Elf:3 *[(!   Vaults:2 (   Vaults:3 (   Depths:3 =

Portals:
Hell: Depths:1 Depths:2 Depths:3 Depths:4
Abyss: Depths:3 Depths:4
Pandemonium: Depths:1 Depths:2 Depths:4
Ziggurat: Depths:4

Annotations:
D:9 exclusion: oklob plant
D:11 1 runed translucent door, exclusion: door
D:12 1 runed translucent door, exclusion: door
Swamp:2 3 runed translucent doors, exclusion: 3 doors, Angomy's ghost, journeyman TrBe
Elf:2 3 runed translucent doors
Vaults:4 exclusions: door and 1 more exclusion
Crypt:3 1 exclusion
Depths:1 exclusion: orange crystal statue
Abyss:1 Mara


Innate Abilities, Weirdness & Mutations

You are too large for most types of armour.
You have claws for hands.
Your natural rate of healing is unusually fast.
You are covered in fur. (AC +1)
You have tough skin. (AC +1)
You have supernaturally acute eyesight. (SInv)
Your muscles are strong. (Str +4, Int/Dex -1)
You occasionally lose the ability to drink potions when taking damage.
You expend magic power (3 MP) to strengthen your wands.


Message History

Aim: a rockslime (freezing vapour, heavily wounded, empty space bonus: 7/8)
You feel a surge of power!
The air twists around and strikes the rockslime!
The rockslime is heavily wounded.
The rockslime is engulfed in freezing vapours.
The rockslime closely misses you.
Casting: Airstrike (mildly dangerous; 1% risk of failure)
Confirm with . or Enter, or press ? or * to list all spells.
You feel a surge of power!
You draw magical energy from your own body!
You block the rockslime's attack.
Casting: Sublimation of Blood (safe; 1% risk of failure)
Confirm with . or Enter, or press ? or * to list all spells.
You feel a surge of power!
You draw magical energy from your own body!
The rockslime hits you.
You stumble backwards!
The rockslime completely misses you.
Casting: Sublimation of Blood (safe; 1% risk of failure)
Confirm with . or Enter, or press ? or * to list all spells.
Aiming: Airstrike (mildly dangerous; 1% risk of failure)
Press: ? - help, Dir - move target, f/p - rockslime
Aim: a rockslime (heavily wounded, empty space bonus: 7/8)
You feel a surge of power!
You miscast Airstrike.
You are very lightly contaminated with residual magic.
Nothing appears to happen.
The rockslime hits you!!
You hold your ground!
Casting: Airstrike (mildly dangerous; 1% risk of failure)
Confirm with . or Enter, or press ? or * to list all spells.
You feel a surge of power!
You draw magical energy from your own body!
You block the rockslime's attack.
Casting: Sublimation of Blood (safe; 1% risk of failure)
Confirm with . or Enter, or press ? or * to list all spells.
You feel a surge of power!
You draw magical energy from your own body!
The rockslime hits you!!!
You stumble backwards!
Casting: Sublimation of Blood (safe; 1% risk of failure)
Confirm with . or Enter, or press ? or * to list all spells.
Aiming: Airstrike (mildly dangerous; 1% risk of failure)
Press: ? - help, Dir - move target, f/p - rockslime
Aim: a rockslime (heavily wounded, empty space bonus: 7/8)
You feel a surge of power!
The air twists around and strikes the rockslime.
The rockslime is severely wounded.
The rockslime hits you.
You hold your ground!
Casting: Airstrike (mildly dangerous; 1% risk of failure)
Confirm with . or Enter, or press ? or * to list all spells.
Aiming: Airstrike (mildly dangerous; 1% risk of failure)
Press: ? - help, Dir - move target, f/p - rockslime
Aim: a rockslime (severely wounded, empty space bonus: 7/8)
You feel a surge of power!
The air twists around and strikes the rockslime.
The rockslime is severely wounded.
The rockslime hits you!
You stumble backwards!
The rockslime hits you!!
You stumble backwards!
Casting: Airstrike (mildly dangerous; 1% risk of failure)
Confirm with . or Enter, or press ? or * to list all spells.
Aiming: Airstrike (mildly dangerous; 1% risk of failure)
Press: ? - help, Dir - move target, f/p - rockslime
Aim: a rockslime (heavily wounded, empty space bonus: 5/8)
You feel a surge of power!
The air twists around and strikes the rockslime but does no damage.
You block the rockslime's attack.
Okay, then.
Casting: Airstrike (mildly dangerous; 1% risk of failure)
Confirm with . or Enter, or press ? or * to list all spells.
You feel a surge of power!
You blink.
Okay, then.
That's the wrong kind of item! (Use * to select it.) Evoke which item? (* to show all) (? for menu, Esc to quit)
Okay, then.
Unknown command.
You draw a card...
You have drawn the Pentagram.
You block the rockslime's attack.
You swap places.
Your rakshasa hits the rockslime but does no damage.
Your smoke demon hits the rockslime but does no damage.
Your smoke demon barely misses the rockslime.
Your smoke demon hits the rockslime but does no damage.
The rockslime hits you!!
* * * LOW HITPOINT WARNING * * *
You stumble backwards!
Your smoke demon gestures at the rockslime.
The rockslime is smitten.
The rockslime hits you!!!
You feel threatened and lose the ability to drink potions!
* * * LOW HITPOINT WARNING * * *
You hold your ground!
Your magical contamination has completely faded away.
Okay, then.
Press: ? - help, v - describe, . - travel
Here: a rockslime (severely wounded, ally target)
The floor, spattered with blood.
Unknown command.
Really read
B - 4 scrolls of fear {!r}?
As you read the scroll of fear {!r}, it crumbles to dust.
You assume a fearsome visage.
The rockslime easily resists.
The rockslime hits you!!!
You die...
Xom chortles!
Your body glows with a rainbow of weird colours and disappears.

####.##P.......##.###.#
#####.##..###.....###.P##.#
#.##......##.##.......###.###
#...######......#.###..P#.P.####
##.########.##.§.....#..#.......
#.# #...##...§§...P#.P.####....
##.# #.>.##.#§§○..........P#.##.
#P.# #..J##..§☼○J3R...#.........
#..###.####...#@#.P###.####..#..
###.##'###.##.#.#############...
##......###............####..#
###.#..###.....#..P......#.##
#.........###..#PP.##..#.#
#..#..##...###.##P..#....#
#######...####.....###...#
###...##............#
#.........###..##.###


You could see a rockslime (ally target), a friendly rakshasa (summoned) and a
friendly smoke demon (summoned).

Vanquished Creatures
  A dread lich (Crypt:3)
  An ancient lich (Vaults:3)
  2 juggernauts (Depths:1)
  Saint Roka (Orc:2)
  Margery (Depths:3)
  2 caustic shrikes (Depths:1)
  The ghost of Wanwyutu the Alchemist, a veteran DgTm (Vaults:1)
  The ghost of Wanwyutu the Alchemist, a veteran DgTm (Vaults:1)
  A golden dragon (Depths:1)
  Nikola (Depths:2)
  Arachne (Spider:3)
  3 liches
  4 deep elf master archers (Elf:3)
  2 deep elf blademasters (Elf:2)
  2 quicksilver dragons (Depths:1)
  A titan (Depths:1)
  Frances (Swamp:2)
  6 ancient champions
  5 sphinxes
  A shadow dragon (Depths:2)
  A thorn hunter (Swamp:3)
  8 tengu reavers
  Kirke (Swamp:2)
  10 storm dragons
  2 revenants
  An azure jelly (Lair:4)
  A fenstrider witch (Swamp:3)
  2 fire giants
  An orc warlord (Vaults:4)
  An iron dragon (Depths:3)
  A balrug (Depths:1)
  21 vault wardens
  9 frost giants
  5 ghost moths
  2 draconian shifters (Depths:4)
  A deep elf elementalist (Elf:3)
  A caustic shrike zombie (Crypt:3)
  5 ghouls
  9 emperor scorpions
  7 curse skulls
  2 spriggan defenders (Depths:3)
  A broodmother (Spider:1)
  15 ironbound preservers
  12 ironbound thunderhulks
  4 reapers
  18 very ugly things
  3 war gargoyles
  10 stone giants
  6 vampire knights
  3 entropy weavers
  2 elemental wellsprings (Depths:1)
  A juggernaut skeleton (Crypt:3)
  3 eleionomae
  2 purple draconians (Depths:4)
  9 dire elephants
  9 deep elf annihilators
  Azrael (D:13)
  A white draconian (Depths:4)
  4 deep elf demonologists
  A black draconian (Depths:4)
  A bunyip (Swamp:4)
  A red draconian (Depths:4)
  4 spark wasps
  Snorg (Lair:5)
  10 eidola
  A yellow draconian (Depths:4)
  11 deep elf death magi
  3 jiangshi
  6 ettins
  A merfolk impaler (Depths:1)
  A mummy priest (Crypt:3)
  8 fire dragons
  2 merfolk javelineers (Depths:1)
  5 yaktaur captains
  9 deep elf high priests
  A fenstrider witch zombie (Crypt:3)
  A great orb of eyes (Vaults:2)
  4 rakshasas
  Erolcha (D:13)
  An ice dragon (Depths:2)
  4 jorogumos
  10 ironbound frosthearts
  2 catoblepae
  A hell beast (Depths:4)
  7 hydras
  5 spriggan air magi
  14 centaur warriors
  A spriggan skeleton (Crypt:3)
  2 ogre magi (Orc:2)
  8 boulder beetles
  4 radroaches
  2 peacekeepers
  6 ghost crabs
  3 vault guards
  3 alligators
  11 dancing weapons
  8 two-headed ogres
  A death scarab (Spider:3)
  A hell hog (Spider:2)
  A vampire mage (Crypt:1)
  6 death knights
  3 tengu warriors
  3 titan zombies
  4 death yaks (Lair:5)
  6 deep troll earth magi
  5 deep troll shamans
  3 spriggan berserkers
  6 soul eaters
  20 hell knights
  An orc high priest (Orc:1)
  A titan skeleton (Crypt:3)
  12 deep elf knights
  A sun demon (Depths:1)
  Nergalle (Orc:1)
  7 goliath frogs
  3 sixfirhies
  22 skeletal warriors
  12 iron trolls
  2 sun moths
  An anaconda zombie (Crypt:1)
  A bunyip zombie (Crypt:3)
  9 orb spiders
  A sea snake (Vaults:3)
  9 pharaoh ants
  8 steelbarb worms
  2 flayed ghosts
  2 glowing orange brains
  58 deep trolls
  2 spriggan druids
  A death drake (Swamp:4)
  5 swamp dragons
  13 deep elf archers
  3 spectral hydras (Swamp:4)
  An iron dragon zombie (Depths:1)
  3 bog bodies
  9 lindwurms
  13 wizards
  16 phantasmal warriors
  3 orc knights (Vaults:4)
  26 deep elf zephyrmancers
  A shadow dragon zombie (Crypt:1)
  26 deep elf pyromancers
  A sphinx zombie (Depths:3)
  5 harpies (Vaults:1)
  11 ironbound convokers
  22 necromancers
  Pikel (D:6)
  25 wolf spiders
  A fire giant zombie (Depths:1)
  6 cyclopes
  A stone giant zombie (Crypt:3)
  A goliath frog skeleton (Crypt:1)
  39 ugly things
  4 manticores
  3 orc sorcerers (Orc:1)
  13 vault sentinels
  A will-o-the-wisp (Swamp:1)
  18 elephants
  3 dire elephant zombies (Crypt:3)
  5 torpor snails
  2 apocalypse crabs
  4 molten gargoyles (D:11)
  4 black mambas
  A centaur zombie (Crypt:3)
  A naga zombie (Crypt:3)
  Maurice (D:12)
  A guardian serpent (Elf:2)
  3 smoke demons
  An alligator snapping turtle zombie (Crypt:3)
  11 cane toads
  A yellow draconian zombie (Crypt:2)
  A shock serpent skeleton (Crypt:2)
  13 komodo dragons
  8 demonic crawlers
  An unseen horror (shapeshifter) (D:15)
  2 kobold demonologists
  4 naga skeletons
  A gargoyle (D:12)
  An unseen horror zombie (Crypt:2)
  13 hellwings
  3 rime drakes
  9 freezing wraiths
  4 swamp worm zombies (Swamp:4)
  A guardian mummy (Crypt:3)
  6 ice devils
  33 yaktaurs
  An alligator snapping turtle skeleton (Crypt:1)
  2 harpy zombies (Crypt:3)
  A red devil (Depths:1)
  2 efreet
  7 tengu conjurers
  2 hydra zombies
  A green draconian skeleton (Crypt:2)
  6 tyrant leeches
  3 polar bears
  A hornet (shapeshifter) (Depths:4)
  A bloated husk (Swamp:4)
  10 trolls
  27 tarantellas
  A tengu simulacrum (Depths:3)
  2 ettin zombies
  A hydra skeleton (Crypt:3)
  13 blink frogs
  3 harpy skeletons
  2 spectral swamp dragons (Swamp:4)
  Prince Ribbit (D:6)
  15 hornets
  4 spriggan zombies
  11 dream sheep
  36 slime creatures
  26 jumping spiders
  2 ushabtiu (Crypt:3)
  A shapeshifter (Vaults:3)
  4 air elementals
  9 flying skulls (Crypt:1)
  17 spriggans
  Sigmund (D:6)
  3 shadows
  11 wyverns
  5 water elementals
  5 hogs (Swamp:2)
  7 humans (D:14)
  14 wraiths
  17 culicivoras
  37 yaks
  Grum (D:8)
  6 basilisks
  3 fire elementals
  64 redbacks
  2 golden eyes
  Eustachio (D:5)
  A chaos spawn (Depths:4)
  3 steam dragons (D:8)
  A black mamba skeleton (Crypt:1)
  2 neqoxecs
  A small abomination (Gauntlet)
  14 vampire mosquitoes
  12 swamp worms
  3 wargs
  Menkaure (D:5)
  Edmund (D:6)
  An acid dragon (D:8)
  6 water moccasins
  2 hell hounds (D:14)
  A deep troll skeleton (Crypt:3)
  4 ice beasts
  16 orc warriors
  A floating eye (shapeshifter) (Elf:1)
  3 sky beasts
  2 swamp drakes (Swamp:2)
  4 black bears
  10 centaurs
  6 swamp dragon zombies (Swamp:4)
  12 wolves
  A floating eye zombie (Depths:1)
  25 ogres
  3 lemures (D:6)
  5 phantoms (Swamp:4)
  3 earth elementals
  4 kobold brigands
  Blork the orc (D:6)
  4 necrophages
  9 bullfrogs
  2 scorpions
  A two-headed ogre simulacrum (D:11)
  7 wights
  7 wyvern skeletons (Crypt:3)
  13 killer bees
  A yak skeleton (Crypt:1)
  6 howler monkeys
  3 electric eels
  2 hounds
  A jelly (D:4)
  A lava snake (D:11)
  9 orc priests
  2 gnoll boudas (D:5)
  Crazy Yiuf (D:5)
  A bullfrog skeleton (Crypt:2)
  A human skeleton (Crypt:2)
  Ijyb (D:5)
  7 hell rats (D:14)
  2 iguanas
  10 orc wizards
  5 spriggan simulacra
  A polar bear simulacrum (IceCv)
  A spectral swamp drake (Swamp:4)
  A troll simulacrum (D:11)
  An ogre skeleton (Crypt:1)
  A hound skeleton (D:5)
  27 gnolls
  A howler monkey skeleton (D:5)
  A naga simulacrum (D:11)
  A swamp drake zombie (Swamp:4)
  8 adders
  11 river rats
  A steam dragon zombie (Crypt:1)
  3 shadow imps
  5 white imps
  2 ufetubi (IceCv)
  An adder skeleton (Crypt:2)
  10 worms
  5 dart slugs
  63 orcs
  7 bats
  11 endoplasms
  6 giant cockroaches
  11 goblins
  3 hobgoblins
  17 jackals
  7 quokkas
  12 ball pythons
  4 frilled lizards
  A goblin zombie (Crypt:1)
  18 kobolds
  10 rats
1906 creatures vanquished.

Vanquished Creatures (collateral kills)
  A dread lich (Crypt:1)
  An ancient lich (Vaults:2)
  A caustic shrike (Depths:2)
  A golden dragon (Depths:1)
  A bone dragon (Swamp:4)
  Rupert (Lair:3)
  Jorgrun (Spider:1)
  A lich (Depths:3)
  An emperor scorpion (Spider:1)
  A fire giant (Depths:1)
  Aizul (Spider:3)
  A stone giant (Depths:2)
  A minotaur (Gauntlet)
  A dire elephant (Lair:5)
  A bunyip (Swamp:3)
  A deep elf death mage (Vaults:1)
  A hydra (D:14)
  A two-headed ogre (Orc:2)
  A dancing weapon (Elf:2)
  A death yak (Lair:5)
  An iron troll (Vaults:1)
  A wretched star (Gauntlet)
  A swamp dragon (Swamp:4)
  A bog body (Swamp:4)
  2 will-o-the-wisps
  A deep elf zephyrmancer (Elf:2)
  3 elephants (Lair:5)
  A black mamba (Lair:5)
  A torpor snail (Spider:1)
  A demonic crawler (Spider:1)
  3 komodo dragons (Lair:5)
  A tengu conjurer (D:14)
  2 trolls (Orc:2)
  4 blink frogs (Lair:5)
  An alligator zombie (Swamp:4)
  A spectral swamp dragon (Swamp:4)
  2 jumping spiders (Spider:1)
  A wyvern (D:14)
  A hog (Lair:5)
  5 yaks (Lair:5)
  6 fire elementals (D:13)
  A swamp worm (Swamp:4)
  2 water moccasins (Lair:5)
  A sky beast (Lair:5)
  2 wolves (Lair:5)
  A tengu (shapeshifter) (Lair:5)
  A small abomination (Gauntlet)
  2 hell rats (D:14)
  A frilled lizard (Sewer)
71 creatures vanquished.

Vanquished Creatures (others)
  Asterion (Depths:2)
  2 vault guards (D:14)
  A spriggan air mage (Depths:2)
  A deep elf pyromancer (Elf:2)
  3 bloated husks
  A water elemental (Elf:2)
  3 humans (D:14)
  A redback (shapeshifter) (D:14)
  A swamp worm (Swamp:4)
  A centaur (D:9)
  A butterfly (Depths:4)
  14 demonic plants (Gauntlet)
  21 foxfires
  46 fungi
  93 plants
  116 withered plants
306 creatures vanquished.

Grand Total: 2283 creatures vanquished

Notes
Turn   | Place    | Note
-------+----------+-------------------------------------------
     0 | D:1      | EnegeticOcto the Troll Chaos Knight began the quest for the
                  | Orb.
     0 | D:1      | Reached XP level 1. HP: 22/22 MP: 0/0
     0 | D:1      | Fell from the grace of Xom
   105 | D:1      | Reached skill level 3 in Fighting
   105 | D:1      | Reached XP level 2. HP: 31/31 MP: 1/1
   171 | D:1      | Found Wexkee's Assorted Antiques.
   332 | D:1      | Bought a scroll labelled BITUIB TEOSY for 32 gold pieces
   332 | D:1      | Bought a scroll labelled UPE PORASKAI for 32 gold pieces
   497 | D:1      | Reached XP level 3. HP: 37/37 MP: 2/2
   605 | D:1      | XOM: draining
   675 | D:2      | Learned a level 2 spell: Blink
   727 | D:2      | XOM: 2-stop teleportation journey
  1087 | D:2      | Found a faded altar of an unknown god.
  1279 | D:2      | Reached skill level 4 in Fighting
  1355 | D:2      | Reached XP level 4. HP: 47/48 MP: 3/3
  1540 | D:2      | XOM: cloud trail
  1791 | D:3      | Found a shimmering altar of Xom.
  1794 | D:3      | Found a shimmering altar of Xom.
  1794 | D:3      | Found a shimmering altar of Xom.
  1795 | D:3      | Found a shimmering altar of Xom.
  1796 | D:3      | Found a shimmering altar of Xom.
  1873 | D:3      | XOM: give mutations
  1873 | D:3      | Gained mutation: Your body sometimes deteriorates upon
                  | taking damage. [Xom's mischief]
  1873 | D:3      | Gained mutation: Potions are less effective at restoring
                  | your health. [Xom's mischief]
  1873 | D:3      | Gained mutation: You sometimes lose your temper in combat.
                  | [Xom's mischief]
  1873 | D:3      | Lost mutation: Your body sometimes deteriorates upon taking
                  | damage. [Xom's mischief]
  1941 | D:3      | XOM: give mutations
  1941 | D:3      | Gained mutation: You occasionally lose the ability to read
                  | scrolls when taking damage. [Xom's mischief]
  1941 | D:3      | Lost mutation: Potions are less effective at restoring your
                  | health. [Xom's mischief]
  1941 | D:3      | Gained mutation: You are frail. (-10% HP) [Xom's mischief]
  2384 | D:3      | XOM: give mutations
  2384 | D:3      | Gained mutation: You sometimes lose the ability to read
                  | scrolls when taking damage. [Xom's mischief]
  2384 | D:3      | Gained mutation: Your body sometimes deteriorates upon
                  | taking damage. [Xom's mischief]
  2384 | D:3      | Lost mutation: You sometimes lose the ability to read
                  | scrolls when taking damage. [Xom's mischief]
  2545 | D:1      | Bought a scroll of identify for 64 gold pieces
  2798 | D:4      | XOM: give mutations
  2798 | D:4      | Gained mutation: Your body often deteriorates upon taking
                  | damage. [Xom's mischief]
  2798 | D:4      | Lost mutation: You occasionally lose the ability to read
                  | scrolls when taking damage. [Xom's mischief]
  2798 | D:4      | Lost mutation: Your body often deteriorates upon taking
                  | damage. [Xom's mischief]
  2886 | D:4      | Reached XP level 5. HP: 49/49 MP: 4/4
  2908 | D:4      | Found a sparkling altar of Nemelex Xobeh.
  2910 | D:4      | Noticed a sky beast
  3040 | D:4      | Became a worshipper of Nemelex Xobeh the Trickster
  3058 | D:4      | Killed a sky beast
  3059 | D:4      | Reached skill level 5 in Fighting
  3095 | D:4      | Reached XP level 6. HP: 60/60 MP: 5/5
  3135 | D:4      | Noticed a wyvern
  3141 | D:4      | Reached skill level 6 in Fighting
  3346 | D:4      | Reached skill level 1 in Poison Magic
  3641 | D:5      | Entered Level 5 of the Dungeon
  3642 | D:5      | Found a transporter.
  3643 | D:5      | Noticed an ice beast
  3654 | D:5      | Killed an ice beast
  3655 | D:5      | Reached skill level 1 in Spellcasting
  3655 | D:5      | Reached skill level 2 in Poison Magic
  3655 | D:5      | Reached XP level 7. HP: 40/67 MP: 7/7
  3688 | D:5      | Learned a level 2 spell: Poisonous Vapours
  3701 | D:5      | Noticed Menkaure
  3766 | D:5      | Found an ancient bone altar of Kikubaaqudgha.
  3770 | D:5      | Found a basalt altar of Yredelemnul.
  3773 | D:5      | Found a transporter.
  3859 | D:5      | Noticed Eustachio
  3885 | D:5      | Killed Eustachio
  3886 | D:5      | Reached skill level 3 in Poison Magic
  4025 | D:5      | Reached * piety under Nemelex Xobeh
  4034 | D:5      | Found a glowing drain.
  4038 | Sewer    | Entered a sewer
  4112 | Sewer    | Reached skill level 4 in Poison Magic
  4341 | Sewer    | XOM: noise
  4762 | D:5      | Noticed Ijyb
  4783 | D:5      | Killed Ijyb
  4784 | D:5      | Reached XP level 8. HP: 53/74 MP: 2/8
  4790 | D:5      | XOM: draining
  4964 | D:5      | XOM: summons 13 hostile demons
  4989 | D:4      | Reached skill level 5 in Poison Magic
  5001 | D:4      | Learned a level 4 spell: Olgreb's Toxic Radiance
  5353 | D:5      | Found a runed translucent door.
  5354 | D:5      | Noticed Crazy Yiuf
  5402 | D:5      | Killed Crazy Yiuf
  5483 | D:5      | XOM: divination: magic mapping
  5932 | D:5      | Reached skill level 6 in Poison Magic
  5959 | D:5      | Reached skill level 1 in Evocations
  5998 | D:5      | Received a gift from Nemelex Xobeh
  6112 | D:5      | XOM: polymorph orc -> river rat
  6203 | D:5      | Reached skill level 2 in Evocations
  6294 | D:5      | XOM: give mutation
  6294 | D:5      | Gained mutation: You occasionally lose the ability to read
                  | scrolls when taking damage. [Xom's mischief]
  6430 | D:5      | Reached skill level 3 in Evocations
  6479 | D:5      | Found a snail-covered altar of Cheibriados.
  6489 | D:5      | XOM: god gift: 5 stones
  6680 | D:6      | Reached skill level 1 in Shields
  6729 | D:6      | Found a hide-covered altar of Uskayaw.
  6860 | D:6      | Noticed Sigmund
  6867 | D:6      | Killed Sigmund
  6868 | D:6      | Reached skill level 2 in Shields
  6868 | D:6      | Reached XP level 9. HP: 78/80 MP: 10/10
  6934 | D:6      | Noticed Edmund
  6979 | D:6      | Killed Edmund
  6980 | D:6      | Reached skill level 2 in Spellcasting
  7032 | D:6      | Noticed Prince Ribbit
  7045 | D:6      | Killed Prince Ribbit
  7046 | D:6      | Reached skill level 3 in Shields
  7144 | D:6      | Noticed Blork the orc
  7154 | D:6      | Killed Blork the orc
  7272 | D:6      | Noticed Pikel
  7277 | D:6      | XOM: summons friendly shadow imp
  7281 | D:6      | Killed Pikel
  7282 | D:6      | Reached skill level 4 in Shields
  7282 | D:6      | Reached skill level 3 in Invocations
  7352 | D:6      | Reached ** piety under Nemelex Xobeh
  7404 | D:6      | XOM: give mutation
  7404 | D:6      | Lost mutation: You sometimes lose your temper in combat.
                  | [Xom's mischief]
  7661 | D:6      | Identified the +6 quarterstaff "Xickoac" {venom, Fly
                  | Stlth+}
  7761 | D:6      | XOM: god gift: wand of mindburst (5)
  7927 | D:6      | XOM: give mutation
  7927 | D:6      | Gained mutation: You are clumsy. (Dex -2) [Xom's mischief]
  7965 | D:7      | Reached skill level 4 in Invocations
  8060 | D:7      | Found Vauhoalu's Jewellery Shop.
  8108 | D:7      | Received a gift from Nemelex Xobeh
  8113 | D:7      | Found Wican's Armour Boutique.
  8136 | D:7      | Reached skill level 7 in Poison Magic
  8161 | D:7      | Found an opulent altar of Gozag.
  8208 | D:7      | Reached XP level 10. HP: 88/88 MP: 12/12
  8521 | D:7      | Lost mutation: You are frail. (-10% HP) [potion of
                  | mutation]
  8521 | D:7      | Lost mutation: You are clumsy. (Dex -2) [potion of
                  | mutation]
  8521 | D:7      | Gained mutation: You are strong-willed. (Will+) [potion of
                  | mutation]
  8521 | D:7      | Gained mutation: You passively dampen the noise of your
                  | surroundings. [potion of mutation]
  8521 | D:7      | Gained mutation: Your flesh is heat resistant. (rF+)
                  | [potion of mutation]
  8592 | D:7      | Reached *** piety under Nemelex Xobeh
  8599 | D:7      | Found a staircase to the Ecumenical Temple.
  8720 | D:7      | XOM: give mutations
  8720 | D:7      | Gained mutation: You are clumsy. (Dex -2) [Xom's mischief]
  8720 | D:7      | Gained mutation: You occasionally shout uncontrollably at
                  | your foes. [Xom's mischief]
  8756 | D:8      | Received a gift from Nemelex Xobeh
  9083 | D:8      | Noticed Grum
  9329 | D:8      | Killed Grum
  9335 | D:8      | Reached skill level 5 in Invocations
  9480 | D:8      | Reached skill level 8 in Poison Magic
  9632 | D:8      | Found a shadowy altar of Dithmenos.
  9646 | D:8      | Reached skill level 6 in Invocations
 10011 | D:7      | Bought an amulet of faith for 480 gold pieces
 10409 | D:9      | XOM: 8-stop teleportation journey
 10409 | D:9      | Was forgiven by Xom
 10452 | D:9      | Received a gift from Nemelex Xobeh
 10626 | D:9      | Found a blossoming altar of Fedhas.
 10647 | D:9      | Noticed an oklob plant
 10737 | D:9      | Reached **** piety under Nemelex Xobeh
 11209 | D:10     | Entered Level 10 of the Dungeon
 11259 | D:10     | Noticed a centaur warrior
 11323 | D:10     | Received a gift from Nemelex Xobeh
 11327 | D:10     | Noticed a centaur warrior
 11340 | D:10     | Noticed a boulder beetle
 11356 | D:10     | Killed a centaur warrior
 11357 | D:10     | Reached skill level 5 in Shields
 11357 | D:10     | Reached skill level 1 in Translocations
 11357 | D:10     | Reached XP level 11. HP: 78/107 MP: 11/15
 11368 | D:10     | Killed a centaur warrior
 11369 | D:10     | Reached skill level 7 in Invocations
 11537 | D:10     | Noticed a two-headed ogre
 11552 | D:10     | Killed a two-headed ogre
 11728 | D:10     | Found a glowing silver altar of Zin.
 11743 | D:10     | Received a gift from Nemelex Xobeh
 11750 | D:10     | Noticed a two-headed ogre
 11774 | D:10     | Reached skill level 2 in Translocations
 11774 | D:10     | Killed a two-headed ogre
 11775 | D:10     | Reached skill level 7 in Fighting
 11925 | D:10     | Found a bloodstained altar of Trog.
 12352 | D:10     | Killed a boulder beetle
 12431 | D:10     | Received a gift from Nemelex Xobeh
 12442 | D:10     | Got the Octavo of Bolts
 12447 | D:10     | Learned a level 3 spell: Mephitic Cloud
 12447 | D:10     | Identified the +1 leather armour of the Eternal Void {-Tele
                  | Harm rElec rPois Str+4}
 12569 | D:11     | Reached skill level 6 in Shields
 12661 | D:11     | Reached skill level 1 in Conjurations
 12786 | D:11     | Found a runed translucent door.
 12787 | D:11     | Noticed a sixfirhy
 12858 | D:11     | Reached skill level 3 in Translocations
 13014 | D:11     | Reached skill level 1 in Air Magic
 13018 | D:11     | Found a frozen archway.
 13129 | IceCv    | Entered an ice cave
 13167 | IceCv    | Reached skill level 2 in Conjurations
 13556 | D:11     | Noticed a boulder beetle
 13565 | D:11     | Killed a boulder beetle
 13565 | D:11     | Noticed a boulder beetle
 13566 | D:11     | Reached skill level 8 in Invocations
 13582 | D:11     | Killed a boulder beetle
 13774 | D:11     | Found a staircase to the Lair.
 13788 | D:11     | Reached skill level 3 in Conjurations
 13889 | D:11     | Identified the +8 dagger "Dragonslayer" {freeze, rPois rC+
                  | Str+3 SInv}
 14089 | D:11     | Reached XP level 12. HP: 63/119 MP: 9/17
 14156 | D:11     | Reached ***** piety under Nemelex Xobeh
 14156 | D:11     | Received a gift from Nemelex Xobeh
 14335 | Lair:1   | Entered Level 1 of the Lair of Beasts
 14426 | Lair:1   | Reached skill level 2 in Air Magic
 14726 | Lair:1   | Reached skill level 8 in Fighting
 14774 | Lair:1   | Received a gift from Nemelex Xobeh
 14781 | Lair:1   | Reached skill level 7 in Shields
 14781 | Lair:1   | Reached skill level 4 in Translocations
 14793 | Lair:1   | Reached skill level 4 in Conjurations
 15245 | Lair:1   | Lost mutation: Your flesh is heat resistant. (rF+) [potion
                  | of mutation]
 15245 | Lair:1   | Lost mutation: You occasionally shout uncontrollably at
                  | your foes. [potion of mutation]
 15245 | Lair:1   | Lost mutation: You occasionally lose the ability to read
                  | scrolls when taking damage. [potion of mutation]
 15245 | Lair:1   | Gained mutation: You occasionally lose the ability to drink
                  | potions when taking damage. [potion of mutation]
 15245 | Lair:1   | Gained mutation: Potions are less effective at restoring
                  | your health. [potion of mutation]
 15245 | Lair:1   | Gained mutation: You have hidden genetic defects. [potion
                  | of mutation]
 15245 | Lair:1   | Gained mutation: Your mind is acute. (Int +4, Str/Dex -1)
                  | [potion of mutation]
 15388 | Lair:1   | Reached skill level 5 in Conjurations
 15572 | Lair:1   | Received a gift from Nemelex Xobeh
 15626 | Lair:1   | Learned a level 4 spell: Sticky Flame
 16055 | Lair:2   | Noticed a four-headed hydra
 16069 | Lair:2   | Reached skill level 1 in Fire Magic
 16124 | Lair:2   | Killed a four-headed hydra
 16189 | Lair:2   | Found a hole to the Spider Nest.
 16192 | Lair:2   | Reached skill level 5 in Translocations
 16193 | Lair:2   | Gained mutation: You occasionally shout uncontrollably at
                  | your foes. [hidden defects]
 16329 | Lair:2   | Found a staircase to the Swamp.
 16336 | Lair:2   | Noticed a six-headed hydra
 16363 | Lair:2   | Killed a six-headed hydra
 16364 | Lair:2   | Reached skill level 8 in Shields
 16364 | Lair:2   | Reached skill level 6 in Conjurations
 16512 | Lair:2   | Reached skill level 2 in Fire Magic
 16771 | Lair:2   | Received a gift from Nemelex Xobeh
 17194 | Lair:2   | Gained mutation: You are very clumsy. (Dex -4) [hidden
                  | defects]
 17194 | Lair:2   | Lost mutation: You have hidden genetic defects. [hidden
                  | defects expressed]
 17777 | D:5      | Killed Menkaure
 17778 | D:5      | Reached skill level 7 in Conjurations
 17796 | D:5      | Lost mutation: You occasionally shout uncontrollably at
                  | your foes. [potion of mutation]
 17796 | D:5      | Lost mutation: Your mind is acute. (Int +4, Str/Dex -1)
                  | [potion of mutation]
 17796 | D:5      | Lost mutation: You occasionally lose the ability to drink
                  | potions when taking damage. [potion of mutation]
 17796 | D:5      | Gained mutation: You possess an exceptional clarity of
                  | mind. [potion of mutation]
 17796 | D:5      | Gained mutation: You occasionally lose the ability to drink
                  | potions when taking damage. [potion of mutation]
 18046 | Lair:3   | Noticed a catoblepas
 18068 | Lair:3   | Killed a catoblepas
 18069 | Lair:3   | Reached skill level 3 in Fire Magic
 18221 | Lair:3   | Reached XP level 13. HP: 108/127 MP: 7/18
 18622 | Lair:3   | Received a gift from Nemelex Xobeh
 18816 | Lair:3   | Reached skill level 6 in Translocations
 18982 | Lair:3   | Received a gift from Nemelex Xobeh
 18995 | Lair:3   | Reached ****** piety under Nemelex Xobeh
 19016 | Lair:3   | Noticed Rupert
 19026 | Lair:3   | Killed Rupert
 19239 | Lair:3   | Reached skill level 4 in Fire Magic
 19252 | Lair:3   | Reached skill level 8 in Conjurations
 19469 | Lair:3   | Received a gift from Nemelex Xobeh
 19963 | Lair:4   | Received a gift from Nemelex Xobeh
 20467 | Lair:4   | Found a staircase to the Slime Pits.
 20651 | Lair:5   | Entered Level 5 of the Lair of Beasts
 20713 | Lair:5   | Reached skill level 9 in Conjurations
 20713 | Lair:5   | Reached skill level 7 in Translocations
 20714 | Lair:5   | Reached skill level 5 in Fire Magic
 20725 | Lair:5   | Found a gate leading to a gauntlet.
 20774 | Gauntlet | Entered a Gauntlet
 20774 | Gauntlet | Found a transporter.
 20774 | Gauntlet | Found a transporter.
 20853 | Gauntlet | Found a transporter.
 20853 | Gauntlet | Found a transporter.
 20862 | Gauntlet | Found a transporter.
 20881 | Gauntlet | Found a transporter.
 20891 | Gauntlet | Found a transporter.
 20891 | Gauntlet | Found a transporter.
 20895 | Gauntlet | Found a transporter.
 20902 | Gauntlet | Found the ring of the Mage {Wiz Archmagi}
 20922 | Gauntlet | Found a transporter.
 20929 | Gauntlet | Found a transporter.
 20975 | Gauntlet | Found a transporter.
 20984 | Gauntlet | Found a transporter.
 21002 | Gauntlet | Found a transporter.
 21102 | Gauntlet | Found a transporter.
 21116 | Gauntlet | Found a transporter.
 21289 | Gauntlet | Identified the +0 whip of Objectivity {pain, Stlth+}
 21316 | Gauntlet | Reached skill level 10 in Conjurations
 21529 | Gauntlet | Lost mutation: You are strong-willed. (Will+) [potion of
                  | mutation]
 21529 | Gauntlet | Lost mutation: You possess an exceptional clarity of mind.
                  | [potion of mutation]
 21529 | Gauntlet | Lost mutation: Your body sometimes deteriorates upon taking
                  | damage. [potion of mutation]
 21529 | Gauntlet | Lost mutation: You occasionally lose the ability to drink
                  | potions when taking damage. [potion of mutation]
 21529 | Gauntlet | Gained mutation: Your magical capacity is low. (-10% MP)
                  | [potion of mutation]
 21529 | Gauntlet | Gained mutation: You have supernaturally acute eyesight.
                  | (SInv) [potion of mutation]
 21532 | Gauntlet | Identified the amulet of Xuger {Reflect Rampage Int-2
                  | Dex+10 SH+5}
 21532 | Gauntlet | Noticed a minotaur
 21535 | Gauntlet | Identified the +5 executioner's axe of Turyax {freeze,
                  | rCorr Str+5 Dex+4}
 21541 | Gauntlet | Killed a minotaur
 21888 | Lair:5   | Reached skill level 3 in Spellcasting
 22137 | Lair:5   | Reached XP level 14. HP: 120/136 MP: 9/17
 22226 | Lair:5   | Received a gift from Nemelex Xobeh
 22409 | Lair:5   | Reached skill level 9 in Invocations
 22650 | Lair:5   | Reached skill level 4 in Spellcasting
 22759 | Lair:5   | Noticed Snorg
 22773 | Lair:5   | Killed Snorg
 23009 | Lair:5   | Received a gift from Nemelex Xobeh
 23203 | Lair:5   | Reached skill level 10 in Invocations
 23613 | Lair:5   | Reached skill level 1 in Armour
 23970 | Lair:5   | Reached skill level 1 in Stealth
 24223 | Lair:5   | Identified the +6 flail of Holding Dismemberment {freeze,
                  | Fragile rN+ rCorr Dex+4}
 24621 | D:12     | Received a gift from Nemelex Xobeh
 24629 | D:12     | Found a staircase to the Orcish Mines.
 24691 | D:12     | Received a gift from Nemelex Xobeh
 24831 | D:12     | Noticed Maurice
 24839 | D:12     | Killed Maurice
 25006 | D:12     | Noticed a storm dragon
 25006 | D:12     | Noticed a vampire knight
 25007 | D:12     | Found a runed translucent door.
 25009 | D:12     | Noticed a tengu reaver
 25009 | D:12     | Noticed a fire giant
 25168 | D:12     | Reached skill level 2 in Armour
 25383 | Orc:1    | Entered Level 1 of the Orcish Mines
 25739 | Orc:2    | Entered Level 2 of the Orcish Mines
 26512 | Orc:1    | Received a gift from Nemelex Xobeh
 26522 | Orc:1    | Noticed Nergalle
 26533 | Orc:1    | Killed Nergalle
 26871 | Orc:2    | Found Doyfituy's Weapon Shoppe.
 26871 | Orc:2    | Found Sedukh's Antique Armour Boutique.
 26874 | Orc:2    | Reached skill level 2 in Stealth
 26876 | Orc:2    | Noticed Saint Roka
 26887 | Orc:2    | Killed Saint Roka
 26888 | Orc:2    | Reached skill level 3 in Armour
 27490 | Orc:2    | Paralysed by an ogre mage for 4 turns
 27497 | Orc:2    | Reached XP level 15. HP: 99/145 MP: 8/19
 28033 | Orc:2    | Reached skill level 11 in Conjurations
 28155 | Orc:2    | Reached skill level 5 in Spellcasting
 28238 | Orc:2    | Reached skill level 9 in Fighting
 28612 | Orc:2    | Found Nad Gacs's Antique Armour Shoppe.
 28626 | Orc:2    | Found Sokka's Assorted Antiques.
 28739 | Orc:2    | Found a staircase to the Elven Halls.
 28808 | Orc:2    | Received a gift from Nemelex Xobeh
 28998 | Orc:2    | Bought a potion of curing for 87 gold pieces
 28998 | Orc:2    | Bought a potion of heal wounds for 145 gold pieces
 29007 | Orc:2    | Bought a steaming robe for 205 gold pieces
 29007 | Orc:2    | Identified the +0 robe of the Iron Devil {Stlth+} (You
                  | bought it in a shop on level 2 of the Orcish Mines)
 29178 | D:13     | Noticed Erolcha
 29180 | D:13     | Killed Erolcha
 29181 | D:13     | Reached skill level 4 in Armour
 29181 | D:13     | Reached skill level 3 in Stealth
 29561 | D:13     | Received a gift from Nemelex Xobeh
 29680 | D:13     | Noticed Azrael
 29681 | D:13     | Killed Azrael
 29786 | D:13     | Lost mutation: You passively dampen the noise of your
                  | surroundings. [potion of mutation]
 29786 | D:13     | Lost mutation: Your magical capacity is low. (-10% MP)
                  | [potion of mutation]
 29786 | D:13     | Lost mutation: Potions are less effective at restoring your
                  | health. [potion of mutation]
 29786 | D:13     | Gained mutation: Your magical capacity is low. (-10% MP)
                  | [potion of mutation]
 29786 | D:13     | Lost mutation: You are very clumsy. (Dex -4) [potion of
                  | mutation]
 29997 | D:13     | Learned a level 5 spell: Freezing Cloud
 30423 | D:14     | Received a gift from Nemelex Xobeh
 30734 | D:14     | Reached skill level 1 in Ice Magic
 31286 | D:14     | Identified a scroll of acquirement
 31295 | D:14     | Acquired 799 gold pieces
 31324 | D:14     | Received a gift from Nemelex Xobeh
 31336 | D:14     | Identified the +7 arbalest "Hufaatza" {freeze, Fly rC+
                  | Int+3 Dex+3}
 31336 | D:14     | Noticed Nessos
 31337 | D:14     | Noticed Nessos
 31337 | D:14     | Nessos changed into Nessos the elephant
 31358 | D:14     | Reached skill level 2 in Ice Magic
 31358 | D:14     | Killed Nessos the elephant
 31362 | D:14     | Reached skill level 6 in Spellcasting
 31595 | D:14     | Learned a level 3 spell: Ignite Poison
 31639 | D:14     | Reached skill level 3 in Air Magic
 31662 | D:14     | Reached skill level 10 in Fighting
 32220 | D:14     | Found a gate to the Vaults.
 32270 | D:14     | Received a gift from Nemelex Xobeh
 32460 | D:15     | Entered Level 15 of the Dungeon
 32469 | D:15     | Reached skill level 3 in Ice Magic
 32907 | D:15     | Reached skill level 4 in Air Magic
 33241 | D:15     | Found a staircase to the Depths.
 33408 | D:15     | Received a gift from Nemelex Xobeh
 33415 | D:15     | Found a portal to a secret trove of treasure.
 33432 | Trove    | Entered a treasure trove
 33434 | Trove    | Found a bloodstained altar of Trog.
 33464 | Trove    | Identified the +6 great mace of the Heart {spect, +Blink
                  | Will- Int+4}
 33467 | Trove    | Identified the +7 hand axe of the Dripping Gods {protect,
                  | rPois Str+3}
 33470 | Trove    | Identified the +2 short sword "Ifea" {holy, rF+ rN+ rCorr
                  | SInv}
 33602 | D:15     | Reached skill level 4 in Ice Magic
 34211 | Spider:1 | Entered Level 1 of the Spider Nest
 34284 | Spider:1 | Reached XP level 16. HP: 158/158 MP: 7/21
 35021 | Spider:1 | Noticed Jorgrun
 35044 | Spider:1 | Killed Jorgrun
 35286 | Spider:1 | Reached skill level 5 in Air Magic
 35568 | Spider:1 | Reached skill level 5 in Ice Magic
 36636 | Swamp:1  | Entered Level 1 of the Swamp
 36637 | Swamp:1  | Upgraded the game from 0.29-a0-1008-g949cc1d0fb to
                  | 0.29-a0-1009-g60c99734e7
 36665 | Swamp:1  | Reached skill level 6 in Ice Magic
 37308 | Swamp:1  | Received a gift from Nemelex Xobeh
 37956 | Swamp:2  | Noticed a thorn hunter
 37958 | Swamp:2  | Noticed Angomy's ghost (journeyman TrBe)
 38323 | Swamp:2  | Noticed Frances
 38334 | Swamp:2  | Gained mutation: You occasionally lose the ability to drink
                  | potions when taking damage. [a neqoxec]
 38337 | Swamp:2  | Killed Frances
 38339 | Swamp:2  | Lost mutation: You are clumsy. (Dex -2) [potion of
                  | mutation]
 38339 | Swamp:2  | Lost mutation: Your magical capacity is low. (-10% MP)
                  | [potion of mutation]
 38339 | Swamp:2  | Gained mutation: You expend magic power (3 MP) to
                  | strengthen your wands. [potion of mutation]
 38339 | Swamp:2  | Gained mutation: Your muscles are strong. (Str +4, Int/Dex
                  | -1) [potion of mutation]
 38635 | Swamp:2  | Noticed Kirke
 38645 | Swamp:2  | Killed Kirke
 38679 | Swamp:2  | Reached skill level 7 in Ice Magic
 38679 | Swamp:2  | Reached skill level 6 in Air Magic
 38826 | Swamp:2  | Found a runed translucent gate.
 38826 | Swamp:2  | Found a runed translucent gate.
 38826 | Swamp:2  | Found a runed translucent gate.
 38870 | Swamp:3  | Upgraded the game from 0.29-a0-1009-g60c99734e7 to
                  | 0.29-a0-1023-g6ae1a4a2c7
 38959 | Swamp:3  | Noticed a thorn hunter
 38969 | Swamp:3  | Killed a thorn hunter
 39094 | Swamp:3  | Received a gift from Nemelex Xobeh
 39607 | Swamp:3  | Paralysed by a hornet for 1 turns
 39764 | Swamp:3  | Reached skill level 4 in Evocations
 39798 | Swamp:3  | Paralysed by a fenstrider witch for 5 turns
 40004 | Swamp:4  | Entered Level 4 of the Swamp
 40004 | Swamp:4  | Noticed Mara
 40005 | Swamp:4  | Banished Mara
 40593 | Lair:5   | Learned a level 5 spell: Iskenderun's Battlesphere
 40595 | Lair:5   | Learned a level 1 spell: Shock
 40845 | Swamp:4  | Received a gift from Nemelex Xobeh
 40887 | Swamp:4  | Reached skill level 5 in Evocations
 41683 | Swamp:4  | Reached skill level 7 in Spellcasting
 41869 | Swamp:4  | Reached XP level 17. HP: 166/166 MP: 14/26
 42967 | Swamp:4  | Noticed a bone dragon
 43013 | Swamp:4  | Killed a bone dragon
 43238 | Swamp:4  | Reached skill level 11 in Fighting
 43714 | Swamp:4  | Got a decaying rune of Zot
 44567 | Spider:1 | Reached skill level 1 in Transmutations
 45063 | Spider:1 | Identified the +0 long sword "Tear Woa" {flame, rPois
                  | Str+5}
 45071 | Spider:1 | Reached skill level 2 in Transmutations
 46686 | Spider:2 | Received a gift from Nemelex Xobeh
 46955 | Spider:2 | Acquired a staff of air
 47065 | Spider:3 | Noticed Aizul
 47101 | Spider:3 | Reached skill level 9 in Shields
 47101 | Spider:3 | Killed Aizul
 47552 | Spider:2 | Reached skill level 12 in Fighting
 48114 | Spider:3 | Reached skill level 10 in Shields
 48821 | Spider:3 | Received a gift from Nemelex Xobeh
 49454 | Spider:4 | Entered Level 4 of the Spider Nest
 49668 | Spider:3 | Reached skill level 11 in Invocations
 50050 | Spider:4 | Reached XP level 18. HP: 161/166 MP: 13/27
 50837 | Spider:3 | Reached skill level 12 in Invocations
 51879 | Spider:4 | Noticed Arachne
 52663 | Spider:3 | Killed Arachne
 52664 | Spider:3 | Reached skill level 13 in Invocations
 52664 | Spider:3 | Reached skill level 2 in Dodging
 53371 | Spider:3 | Reached skill level 3 in Dodging
 54030 | Spider:4 | Got a gossamer rune of Zot
 54372 | Elf:1    | Entered Level 1 of the Elven Halls
 54381 | Elf:1    | Reached skill level 4 in Dodging
 54803 | Elf:1    | Learned a level 4 spell: Airstrike
 55126 | Elf:1    | Reached skill level 5 in Dodging
 55444 | Elf:1    | Identified the +8 glaive of Tilik {spect, Dex+3}
 55582 | Elf:1    | Received a gift from Nemelex Xobeh
 55635 | Elf:1    | Paralysed by an air elemental for 1 turns
 56053 | Elf:1    | Reached skill level 6 in Dodging
 56333 | Elf:1    | Reached skill level 5 in Armour
 56536 | Elf:1    | Reached skill level 6 in Armour
 56690 | Elf:1    | Paralysed by a floating eye for 2 turns
 56953 | Elf:1    | Paralysed by an air elemental for 1 turns
 57122 | Elf:1    | Received a gift from Nemelex Xobeh
 57421 | Elf:1    | Reached skill level 6 in Evocations
 57716 | Elf:2    | Paralysed by an air elemental for 1 turns
 58159 | Elf:2    | Paralysed by an air elemental for 1 turns
 58164 | Elf:2    | Paralysed by an air elemental for 1 turns
 58167 | Elf:2    | Paralysed by an air elemental for 1 turns
 58443 | Elf:2    | Found a runed translucent gate.
 58446 | Elf:2    | Found a runed translucent gate.
 58447 | Elf:2    | Found a runed translucent gate.
 58825 | Elf:3    | Entered Level 3 of the Elven Halls
 59148 | Elf:3    | Received a gift from Nemelex Xobeh
 60978 | Elf:3    | Reached skill level 7 in Air Magic
 61732 | Elf:3    | Reached XP level 19. HP: 184/188 MP: 15/28
 62945 | Elf:3    | Identified the amulet of Mazyh {Faith +Blink rPois}
 63436 | Elf:3    | Identified the +5 war axe of Frustration {speed, rF++ Dex+2
                  | Stlth+}
 63709 | Elf:3    | Reached skill level 11 in Shields
 63964 | Elf:3    | Found Impey's Weapon Shop.
 63964 | Elf:3    | Found Ocrourex's Assorted Antiques.
 63968 | Elf:3    | Found Dyvutu's Distillery.
 63968 | Elf:3    | Found Zeagi's Armour Shop.
 63983 | Elf:3    | Bought an embroidered cloak for 195 gold pieces
 63989 | Elf:3    | Bought 5 curare-tipped darts for 42 gold pieces
 64092 | Elf:3    | Identified the +0 morningstar "Elino" {vorpal, rC+ SInv}
 64092 | Elf:3    | Identified the +4 leather armour of Absence {Will++ MP+9
                  | Dex-2 SInv}
 64223 | Elf:3    | Identified the ring "Ankil" {Will+ rCorr Dex+4}
 64398 | Elf:3    | Identified the amulet of Zan Famatue {Spirit rPois rF- rC+
                  | Int+2}
 64419 | Elf:3    | Identified the ring "Fuene" {Str+6 Int+2}
 64427 | Elf:3    | Reached skill level 13 in Fighting
 64579 | Elf:3    | Identified the +2 bardiche of Severance {freeze, rPois rC++
                  | rCorr Stlth-}
 65582 | Elf:3    | Got the Anthology of Battle Magic
 65595 | Elf:3    | Got the Exposition on the Toxic Volcanoes
 65597 | Elf:3    | Got Rynagged's Grimoire of Greatest Risks and Utility
 65603 | Elf:3    | Identified the +0 cloak of Distant Worlds {rF+}
 65611 | Elf:3    | Received a gift from Nemelex Xobeh
 65612 | Elf:3    | Got the Codex of Hoarfrost and the Birds
 65849 | Elf:3    | Found Impey's Weapon Shop.
 65849 | Elf:3    | Found Ocrourex's Assorted Antiques.
 65917 | Elf:3    | Found Zeagi's Armour Shop.
 65918 | Elf:3    | Found Dyvutu's Distillery.
 66282 | Elf:3    | Bought a potion of brilliance for 72 gold pieces
 66282 | Elf:3    | Bought a potion of heal wounds for 90 gold pieces
 66282 | Elf:3    | Bought a potion of curing for 54 gold pieces
 66282 | Elf:3    | Bought a potion of curing for 54 gold pieces
 66282 | Elf:3    | Bought a potion of brilliance for 72 gold pieces
 66282 | Elf:3    | Bought a potion of brilliance for 72 gold pieces
 66290 | Elf:3    | Bought a scroll of fog for 104 gold pieces
 66290 | Elf:3    | Bought a potion of haste for 260 gold pieces
 66479 | D:14     | Upgraded the game from 0.29-a0-1023-g6ae1a4a2c7 to
                  | 0.29-a0-1027-gcd8c55af63
 66487 | Vaults:1 | Entered Level 1 of the Vaults
 68271 | Vaults:1 | Reached skill level 7 in Dodging
 69539 | Vaults:1 | Reached skill level 8 in Dodging
 69580 | Vaults:1 | Reached skill level 14 in Fighting
 70261 | Vaults:1 | Reached skill level 9 in Dodging
 71857 | Vaults:1 | Reached skill level 8 in Air Magic
 71998 | Vaults:1 | Received a gift from Nemelex Xobeh
 72169 | Vaults:1 | Reached XP level 20. HP: 183/204 MP: 2/29
 72986 | Vaults:1 | Noticed Wanwyutu's ghost (veteran DgTm)
 72986 | Vaults:1 | Noticed Wanwyutu's ghost (veteran DgTm)
 72988 | Vaults:1 | Found a large runed translucent door.
 72988 | Vaults:1 | Found a large runed translucent door.
 73071 | Vaults:1 | Received a gift from Nemelex Xobeh
 73535 | Vaults:1 | Killed Wanwyutu's ghost
 73952 | Vaults:1 | Killed Wanwyutu's ghost
 73988 | Vaults:1 | Identified the ring "Zuseowk" {rElec rPois Will- rCorr}
 74212 | Vaults:2 | Reached skill level 8 in Spellcasting
 75032 | Vaults:2 | Reached skill level 7 in Armour
 76285 | Vaults:2 | Received a gift from Nemelex Xobeh
 76595 | Vaults:2 | Noticed an ancient lich
 76623 | Vaults:2 | Killed an ancient lich
 76624 | Vaults:2 | Reached skill level 8 in Armour
 77164 | Vaults:2 | Reached skill level 7 in Evocations
 77477 | Vaults:2 | Received a gift from Nemelex Xobeh
 77791 | Vaults:2 | Identified the +6 mace "Zedidgh" {speed, rN+ Str+3}
 78129 | Vaults:2 | Found Daemeshre's Antique Weapon Shop.
 78135 | Vaults:2 | Bought a slimy war axe for 246 gold pieces
 78135 | Vaults:2 | Identified the +8 war axe "Vane" {venom, SInv} (You bought
                  | it in a shop on level 2 of the Vaults)
 78659 | Vaults:3 | Reached skill level 9 in Armour
 78907 | Vaults:3 | Reached skill level 14 in Invocations
 80023 | Vaults:3 | Found a staircase to the Crypt.
 80356 | Vaults:3 | Reached skill level 8 in Evocations
 80455 | Vaults:3 | Received a gift from Nemelex Xobeh
 80987 | Vaults:3 | Found Otagonod's Weapon Emporium.
 81577 | Vaults:4 | Found a flickering gateway to a bazaar.
 81590 | Bazaar   | Entered a bazaar
 81614 | Bazaar   | Found Qejafu Voco's Antique Armour Shoppe.
 81627 | Bazaar   | Found Boaw's Book Shoppe.
 81640 | Bazaar   | Received a gift from Nemelex Xobeh
 81656 | Bazaar   | Found Zoque's Magic Scroll Emporium.
 81664 | Bazaar   | Bought a scroll of teleportation for 42 gold pieces
 81664 | Bazaar   | Bought a scroll of fog for 56 gold pieces
 81664 | Bazaar   | Bought a scroll of fog for 56 gold pieces
 81669 | Bazaar   | Found Gothregoin's Antique Weapon Emporium.
 81678 | Bazaar   | Bought an iridescent long sword for 110 gold pieces
 81678 | Bazaar   | Identified the +6 long sword "Ultimatum" {speed, *Corrode
                  | rN+++ Int-5 Dex+5} (You bought it in a shop in a bazaar)
 81698 | Bazaar   | Bought a runed cloak for 157 gold pieces
 81953 | Vaults:4 | Reached XP level 21. HP: 172/214 MP: 14/32
 82104 | Vaults:4 | Identified the +2 ring mail of Xeollid {Str+4 Int+2}
 82116 | Vaults:4 | Reached skill level 15 in Invocations
 82603 | Vaults:4 | Received a gift from Nemelex Xobeh
 83522 | Vaults:4 | Reached skill level 12 in Shields
 85002 | Depths:1 | Entered Level 1 of the Depths
 85014 | Depths:1 | Reached skill level 16 in Invocations
 87303 | Depths:1 | Received a gift from Nemelex Xobeh
 87696 | Depths:1 | Found a one-way gate leading to the halls of Pandemonium.
 87959 | Depths:1 | Found a gateway to Hell.
 88453 | D:15     | Reached skill level 17 in Invocations
 88905 | Depths:1 | Found an ancient bone altar of Kikubaaqudgha.
 91886 | Depths:1 | Reached skill level 18 in Invocations
 92003 | Depths:1 | Noticed a golden dragon
 92077 | Depths:1 | Glimpsed the power of Zot.
 92414 | Depths:1 | Killed a golden dragon
 92415 | Depths:1 | Reached XP level 22. HP: 165/216 MP: 25/34
 92994 | Depths:1 | Received a gift from Nemelex Xobeh
 92994 | Depths:1 | Noticed a juggernaut
 93004 | Depths:1 | Noticed a caustic shrike
 93005 | Depths:1 | Noticed a golden dragon
 93006 | Depths:1 | Killed a juggernaut
 94078 | Depths:1 | Killed a golden dragon
 94213 | Depths:1 | Noticed a juggernaut
 94231 | Depths:1 | Killed a juggernaut
 94394 | Depths:1 | Killed a caustic shrike
 94539 | Depths:1 | Noticed a caustic shrike
 94556 | Depths:1 | Killed a caustic shrike
 94711 | Depths:1 | Reached skill level 19 in Invocations
 95007 | Depths:1 | Identified the +4 shortbow "Otrux" {vorpal, rC+ rN+ Str+4}
 95008 | Depths:1 | Identified the +1 cloak "Naotoy" {Int+2}
 95185 | Depths:2 | Noticed Nikola
 95196 | Depths:2 | Killed Nikola
 95652 | Depths:2 | Noticed Asterion
 95657 | Depths:2 | Noticed a caustic shrike
 95657 | Depths:2 | Killed Asterion
 95779 | Depths:2 | Killed a caustic shrike
 96667 | Depths:2 | Noticed a juggernaut
 96992 | Depths:3 | Received a gift from Nemelex Xobeh
 97255 | Depths:3 | Found Behosas's Jewellery Boutique.
 97687 | Depths:3 | Found a one-way gate to the infinite horrors of the Abyss.
 98180 | Depths:3 | Received a gift from Nemelex Xobeh
 98207 | Depths:3 | Reached skill level 20 in Invocations
100124 | Depths:4 | Entered Level 4 of the Depths
100130 | Depths:4 | Learned a level 4 spell: Dispel Undead
100293 | Depths:4 | Learned a level 2 spell: Sublimation of Blood
100301 | Depths:4 | Received a gift from Nemelex Xobeh
100359 | Depths:4 | Reached skill level 10 in Armour
100359 | Depths:4 | Reached skill level 10 in Dodging
100495 | Depths:4 | Reached skill level 1 in Necromancy
100672 | Depths:3 | Reached skill level 2 in Necromancy
100836 | Depths:4 | Noticed Margery
100858 | Depths:3 | Killed Margery
100859 | Depths:3 | Reached skill level 3 in Necromancy
101399 | Depths:4 | Reached skill level 4 in Necromancy
102164 | Depths:4 | Found a white marble altar of Elyvilon.
102189 | Depths:4 | Found a one-way gateway to a ziggurat.
102320 | Depths:4 | Reached skill level 5 in Necromancy
102881 | Depths:4 | Received a gift from Nemelex Xobeh
102899 | Depths:4 | Reached XP level 23. HP: 198/231 MP: 15/36
103039 | Depths:4 | Reached skill level 6 in Necromancy
103249 | Depths:4 | Found a gate to the Realm of Zot.
103730 | Temple   | Entered the Ecumenical Temple
104056 | Crypt:1  | Entered Level 1 of the Crypt
104511 | Vaults:3 | Reached skill level 7 in Necromancy
105117 | Crypt:1  | Noticed an ancient lich
105130 | Vaults:3 | Killed an ancient lich
105451 | Vaults:3 | Reached skill level 8 in Necromancy
106120 | Crypt:1  | Received a gift from Nemelex Xobeh
106666 | Crypt:1  | Reached skill level 9 in Necromancy
106720 | Crypt:1  | Noticed a dread lich
106730 | Crypt:1  | Killed a dread lich
106863 | Crypt:1  | Identified the ring "Boneg" {Ice rElec Dex+5}
106875 | Crypt:1  | Identified the +1 chain mail of the Fresh God {rF+ Dex+4}
106953 | Crypt:1  | Received a gift from Nemelex Xobeh
107495 | Crypt:2  | Reached skill level 10 in Necromancy
107889 | Crypt:2  | Received a gift from Nemelex Xobeh
108379 | Crypt:2  | Received a gift from Nemelex Xobeh
108635 | Crypt:2  | Reached skill level 11 in Necromancy
109043 | Crypt:3  | Entered Level 3 of the Crypt
110130 | Crypt:3  | Received a gift from Nemelex Xobeh
110194 | Crypt:3  | Found a staircase to the Tomb.
111743 | Crypt:3  | Reached skill level 12 in Necromancy
112559 | Crypt:3  | Found an ancient bone altar of Kikubaaqudgha.
112673 | Crypt:3  | Received a gift from Nemelex Xobeh
112759 | Crypt:3  | Identified the ring "Nelifiud" {rF+ rN+ Dex+4}
114253 | Crypt:3  | Noticed a dread lich
114262 | Crypt:3  | Killed a dread lich
114263 | Crypt:3  | Reached skill level 12 in Conjurations
114263 | Crypt:3  | Reached XP level 24. HP: 233/240 MP: 24/36
114502 | Crypt:3  | Identified the +0 robe "Getowick" {+Inv rPois Int+7 Dex-4}
114504 | Crypt:3  | Identified the ring of the Curious Knives {Int+2 SInv}
114504 | Crypt:3  | Identified the amulet of the Duchess {Regen+ rCorr}
114504 | Crypt:3  | Identified the ring of the Hippo {rElec rC+ rN+ Str-3
                  | Slay+6}
114520 | Crypt:3  | Identified the +3 chain mail "Ninin" {rC++ Stlth+}
114975 | Crypt:3  | Got Coti Osi's Verses on Firn and Apparitions
115108 | Crypt:3  | Identified the +0 leather armour of the Worm {Harm rC+++
                  | MP+9 Dex-3}
115977 | Lair:5   | Learned a level 5 spell: Agony
116035 | Slime:1  | Entered Level 1 of the Pits of Slime
116827 | Lair:4   | Demolished by a rockslime

Illustrated notes

Levels and vault maps discovered:
D:1:      scummos_arrival_simple_fountains, layout_loops_ring, serial_shops,
          nicolae_shop_hallway_stairs
D:2:      layout_loops_corners, shapermc_ecumenical_altar_mp_urbaneastern
D:3:      cheibrodos_helix_gallery, layout_loops_ring, xom_redecorated,
          hangedman_decor_points, roderic_serpentine_path,
          minmay_misc_feat_square, grunt_decor_junction, minmay_misc_feat_room
D:4:      layout_basic, mainiacjoe_overflow_tiny_flanked, minmay_manual_monolith
D:5:      lemuel_castle_with_subvaults [lemuel_castle_interior_carwin_2],
          layout_gridville, slow_altar_2, gammafunk_temple_of_torment,
          lightli_sewer_entry_pipes, fountainhead, uniq_ijyb, uniq_eustachio,
          uniq_crazy_yiuf_cottage
D:6:      layout_basic, mainiacjoe_overflow_six_doors_small, fountainhead,
          corexii_shack, uniq_pikel, uniq_edmund, uniq_sigmund,
          uniq_blork_the_orc, uniq_prince_ribbit1
D:7:      layout_cave_pools, nicolae_gozag_cash_rules_everything_around_me,
          minmay_temple_entry_drinking_statues, serial_shops, shop,
          nicolae_take_the_stairs
D:8:      layout_basic, amcnicky_altar_gilded, uniq_grum
D:9:      layout_gridville, tgw_fedhas, chequers_hall_statues_corner_a,
          lemuel_flamethrower_2
D:10:     layout_roguey, overflow_temple_1_default, lightli_temple_of_fire,
          minivault_4, minmay_diamond_spiral
D:11:     cheibrodos_shockbox, layout_cave_pods, david_lair_generic,
          portal_ice_cave_entry_ice_simulacra, minivault_8
D:12:     minmay_gate_of_8, layout_small_grid, david_orc_3, uniq_maurice
D:13:     layout_roguey, drop_trap, uniq_azrael, uniq_erolcha
D:14:     layout_long_grid, ximxim_vaults_locker_room, special_room
          [special_room_mythical_zoo], wad_floor_pattern_untrapped, uniq_nessos
D:15:     hangedman_depths_entry_civil_slaughter, layout_cave_pools,
          nicolae_trove_entry_columns, hangedman_abyss_or_decor_passed,
          minmay_hedge_maze, hangedman_decor_clover_reticule
Temple:   grunt_temple_mini_profane
Lair:1:   layout_roguey, grunt_megastairs_5, lemuel_fruit_fields
Lair:2:   kb_forest_paths, layout_small_grid, swamp_mist,
          nicolae_spider_entry_tight_spaces, enter_volcano_2, minmay_holes,
          st_stairs_7
Lair:3:   layout_regular_city, nicolae_lair_lil_pond, grunt_megastairs_4,
          uniq_rupert
Lair:4:   layout_loops_ring, dpeg_slime_entry_enclosed
Lair:5:   grunt_lair_end_beastmaster, layout_regular_city,
          gauntlet_entry_generic, lemuel_fruit_tree, serial_bayou_shore_b,
          uniq_snorg
Swamp:1:  layout_basic_swamp, hangedman_swamp_lotus
Swamp:2:  layout_basic_swamp, gammafunk_ghost_split,
          evilmike_swamp_ruin_house_4, uniq_frances, uniq_kirke
Swamp:3:  layout_falls_marsh, hangedman_swamp_cone
Swamp:4:  swamp_pestilence, layout_basic_swamp, uniq_mara
Spider:1: layout_cave_pods, uniq_jorgrun
Spider:2: layout_spider_delve
Spider:3: layout_spider_delve, einodemon_crawler_minivault, uniq_aizul
Spider:4: spider_rune_water, uniq_arachne
Slime:1:  layout_caves
Orc:1:    layout_diamond_mine, uniq_nergalle
Orc:2:    st_orc_open, layout_caves, uniq_saint_roka
Elf:1:    minmay_elf_arrival_summoners, layout_geoelf_diagonals, minivault_28
Elf:2:    elven_hall_of_blades_hangedman_original
          [nicolae_blade_entry_diamond_columns], layout_loops_cross,
          fake_guardian_serpent_vault
Elf:3:    minmay_elf_hall_circle, layout_rooms, minmay_shop_grid_forest,
          minmay_misc_feat_alley, guppyfry_elf_garden
Vaults:1: advil_vaults_ghost_guards, nicolae_vaults_border_crossing,
          ontoclasm_vaults_misaligned, dpeg_vaults_pockets_of_resistance,
          vaults_mumra_hexcomb, v_rooms_3, vaults_room_semicircle,
          nicolae_vaults_circle_grid_b, vaults_dpeg_hooks,
          nicolae_vaults_specimen_jars, vaults_room_grid,
          vaults_standard_mumra_x, nicolae_vaults_little_squares_1,
          vaults_dpeg_emergency_exit, v_misc_5, layout_vaults_big_room
Vaults:2: st_cross, ontoclasm_vaults_claustrophobia,
          nicolae_vaults_shelves_hall, v_misc_25, nicolae_vaults_alarming,
          hangedman_vaults_stagger, ontoclasm_vaults_tryst,
          layout_vaults_omnigrid, serial_shops, shop_statue
Vaults:3: nicolae_vaults_hallways_thing, vaults_room_octagon,
          grunt_vaults_swirl, vaults_room_semicircle, v_misc_19,
          ontoclasm_vaults_eye, blue_anna_dwarven_crypt,
          nicolae_vaults_triangles, v_misc_25, v_misc_16,
          dpeg_vaults_monster_box, layout_vaults_omnicross, serial_shops,
          nicolae_shop_bloodbath_and_beyond
Vaults:4: ontoclasm_vaults_twist, ontoclasm_vaults_bender, v_misc_15,
          nicolae_vaults_network_star, hangedman_vaults_river_flow, v_pattern_2,
          vaults_room_door_hall, nicolae_vaults_little_squares_6,
          ontoclasm_vaults_ring_large, vaults_dpeg_spiral, vaults_mumra_lcd,
          vaults_room_pools, vaults_room_door_ring, hangedman_vaults_trim,
          hangedman_vaults_corner_blocks, grunt_vaults_hallway_short,
          layout_vaults_omnibox, serial_shops, bzr_entry_customers
Crypt:1:  layout_regular_city, st_shrine_of_skulls
Crypt:2:  layout_regular_city
Crypt:3:  evilmike_haunted_forest
Depths:1: gammafunk_depths_water_palace, layout_cave_pools, hell_entry,
          grunt_pan_entry_spiral, lemuel_zombie_altar_kikubaaqudgha
Depths:2: evilmike_inaccessible_box, layout_basic, pf_hell_entry_tar_spiral,
          rand_demon_pan_entry_5, minmay_misc_feat_secret_circle,
          kennysheep_inner_square, uniq_asterion, uniq_nikola
Depths:3: minmay_haunted_quarter, layout_basic, abyss_entry_crystal,
          serial_glass, glass_columns_c, glass_columns_a,
          minmay_strange_pillars, item_on_display_b, hangedman_coc_ice_floe,
          serial_shops, shop
Depths:4: grunt_zot_entry_alcove, layout_cave_pools, enter_ziggurat_a,
          grunt_metal_band, nicolae_elyvilon_peaceful_grove,
          grunt_pan_entry_in_and_out, abyss_entry

Skill      XL: |  1  2  3  4  5  6  7  8  9 10 11 12 13 14 15 16 17 18 19 20 21 22 23 |
---------------+----------------------------------------------------------------------+-----
Fighting       | 3 4 5 6 7 8 10 12 14 | 14.0
Poison Magic   | 2 4 6 7 8 |  8.0
Spellcasting   | 1 2 3 4 6 7 8 |  8.0
Evocations     | 3 5 6 8 |  8.6
Shields        | 2 4 5 6 8 10 11 12 | 12.0
Invocations    | 4 6 8 10 11 13 14 18 20 | 20.2
Translocations | 1 3 5 7 |  7.0
Conjurations   | 3 7 10 11 12 | 12.0
Air Magic      | 1 2 4 6 7 8 |  8.0
Fire Magic     | 3 5 |  5.0
Armour         | 3 4 6 9 10 | 10.0
Stealth        | 2 3 |  3.0
Ice Magic      | 4 7 |  7.0
Transmutations | 2 |  2.0
Dodging        | 6 9 10 | 10.0
Necromancy     | 5 12 | 12.0
Unarmed Combat | |  3.0

Action                   |  1- 3 |  4- 6 |  7- 9 | 10-12 | 13-15 | 16-18 | 19-21 | 22-24 || total
-------------------------+-------+-------+-------+-------+-------+-------+-------+-------++-------
Melee: Unarmed           |   123 |   135 |   465 |   342 |    70 |    64 |       |       ||  1199
       Punch             |     2 |     5 |     4 |       |       |       |       |       ||    11
       Dagger            |       |       |       |   269 |   468 |    18 |       |       ||   755
       Staff             |       |       |       |       |   282 |   135 |   178 |   121 ||   716
       Short sword       |       |       |       |       |       |       |     4 |     1 ||     5
Throw: Boomerang         |       |     6 |       |       |       |       |       |       ||     6
       Dart              |       |       |     5 |       |     4 |    15 |    25 |    29 ||    78
 Cast: Poisonous Vapours |       |       |    40 |    57 |    41 |     2 |       |       ||   140
       Olgreb's Toxic Ra |       |       |    19 |    89 |   190 |   236 |   232 |   125 ||   891
       Blink             |       |       |     1 |     1 |     8 |    13 |    22 |    10 ||    55
       Mephitic Cloud    |       |       |       |     1 |     7 |    10 |     2 |       ||    20
       Sticky Flame      |       |       |       |       |   111 |   135 |    55 |    55 ||   356
       Ignite Poison     |       |       |       |       |    28 |   147 |   118 |    63 ||   356
       Shock             |       |       |       |       |       |   218 |       |       ||   218
       Freezing Cloud    |       |       |       |       |       |    61 |   167 |    87 ||   315
       Iskenderun's Batt |       |       |       |       |       |    40 |       |       ||    40
       Airstrike         |       |       |       |       |       |    54 |   464 |   239 ||   757
       Dispel Undead     |       |       |       |       |       |       |       |   385 ||   385
       Sublimation of Bl |       |       |       |       |       |       |       |   107 ||   107
Invok: Renounce Religion |     1 |       |       |       |       |       |       |       ||     1
       Draw Destruction  |       |       |       |    17 |    35 |    38 |    22 |     6 ||   118
       Draw Summoning    |       |       |       |       |    16 |    14 |     4 |    11 ||    45
       Deal Four         |       |       |       |       |     3 |       |     1 |     1 ||     5
       Stack Five        |       |       |       |       |     1 |       |       |     1 ||     2
       Draw Stack        |       |       |       |       |     1 |       |       |       ||     1
       Triple Draw       |       |       |       |       |       |     3 |       |       ||     3
       Draw Escape       |       |       |       |       |       |       |     3 |       ||     3
Evoke: Wand              |       |       |     6 |    18 |     3 |    61 |    18 |    14 ||   120
       Piece from Xom's  |       |       |     1 |       |       |       |       |       ||     1
       Tin of tremorston |       |       |       |       |     4 |     6 |    11 |     6 ||    27
       Lightning rod     |       |       |       |       |       |    31 |    16 |    22 ||    69
       Phantom mirror    |       |       |       |       |       |     5 |       |     4 ||     9
       Box of beasts     |       |       |       |       |       |       |     1 |     5 ||     6
       Phial of floods   |       |       |       |       |       |       |       |     2 ||     2
  Use: Scroll            |     4 |     8 |     3 |    11 |    27 |    12 |    10 |    10 ||    85
       Potion            |       |       |     1 |     4 |     6 |     4 |       |     6 ||    21
 Stab: Petrified         |       |       |    12 |       |     6 |       |       |       ||    18
       Distracted        |       |       |       |       |     1 |       |       |       ||     1
       Confused          |       |       |       |       |     3 |       |       |       ||     3
       Paralysed         |       |       |       |       |       |    17 |       |       ||    17
Armor: Robe              |    46 |    62 |   207 |    14 |       |       |       |     5 ||   334
       Acid dragon scale |       |       |       |   236 |   291 |       |       |       ||   527
       Troll leather arm |       |       |       |       |   319 |   755 |   227 |       ||  1301
       Quicksilver drago |       |       |       |       |       |       |    14 |   394 ||   408
Dodge: Dodged            |    54 |    43 |   175 |   191 |   407 |   422 |   278 |   347 ||  1917
Block: Other             |       |       |    20 |       |       |       |       |       ||    20
       Kite shield       |       |       |    42 |   301 |   531 |   793 |   473 |   554 ||  2694
       Reflection        |       |       |       |     4 |     6 |    25 |    51 |     8 ||    94

Table legend: (Time is in decaauts)
 A = Elapsed time spent in this place.
 B = Non-inter-level travel time spent in this place.
 C = Inter-level travel time spent in this place.
 D = Time resting spent in this place.
 E = Time spent auto-exploring this place.
 F = Levels seen in this place.
 G = Mean time per level.
                   A        B        C        D        E       F      G
               +--------+--------+--------+--------+--------+-----+--------+
         Total | 118279 | 112545 |   5734 |  45062 |  46803 |  51 | 2319.2 |
       Dungeon |  25934 |  23683 |   2251 |   6485 |  12410 |  15 | 1728.9 |
        Temple |      1 |      0 |      1 |      0 |      0 |   1 |    1.0 |
          Lair |  10648 |   9712 |    936 |   1619 |   5929 |   5 | 2129.6 |
         Swamp |   7268 |   7022 |    246 |   2989 |   2894 |   4 | 1817.0 |
   Spider Nest |  12537 |  12083 |    454 |   7601 |   2577 |   4 | 3134.2 |
    Slime Pits |      5 |      5 |      0 |      0 |      0 |   1 |    5.0 |
  Orcish Mines |   3865 |   3559 |    306 |    607 |   2068 |   2 | 1932.5 |
   Elven Halls |  12020 |  11817 |    203 |   6444 |   3840 |   3 | 4006.7 |
        Vaults |  16730 |  16034 |    696 |   6044 |   7570 |   4 | 4182.5 |
         Crypt |  10231 |  10061 |    170 |   3887 |   4026 |   3 | 3410.3 |
        Depths |  16684 |  16216 |    468 |   8929 |   4511 |   4 | 4171.0 |
        Bazaar |    128 |    128 |      0 |      0 |     82 |   1 |  128.0 |
         Trove |     97 |     97 |      0 |      0 |      8 |   1 |   97.0 |
         Sewer |    847 |    847 |      0 |      0 |    501 |   1 |  847.0 |
      Ice Cave |    383 |    383 |      0 |    260 |      0 |   1 |  383.0 |
      Gauntlet |    893 |    893 |      0 |    195 |    383 |   1 |  893.0 |
               +--------+--------+--------+--------+--------+-----+--------+

Top non-repeatable levels by time:
Depths:1: 8359 daAuts
 Crypt:3: 6185 daAuts
   Elf:3: 6122 daAuts
    D:14: 5807 daAuts
Vaults:1: 5359 daAuts
Vaults:3: 4477 daAuts
Spider:1: 3898 daAuts
Vaults:2: 3681 daAuts
   Elf:1: 3646 daAuts
    D:15: 3560 daAuts
 Swamp:4: 3439 daAuts
Vaults:4: 3211 daAuts
Spider:3: 3116 daAuts
Depths:3: 2953 daAuts
Spider:2: 2924 daAuts
